Map: Ulrena

Players

ILLBdA

  • Race: Zerg Zerg
  • League: Diamond

세르지오게이섹기 - Winner!

  • Race: Terran Terran
  • League: Platinum

VOD

Have the link to the VOD?

Description

Time

  • Played on: Dec. 25, 2015, 6:50 p.m.
  • Length: 7:39
Show
View Real Time Build Order
Export as new Build Order

ILLBdA Zerg 

Build Orders: Pool First 

Get SALT Encoding   

  12  0:01  Drone  
  13  0:08  Drone  
  14  0:15  Drone, Extractor  
  14  0:35  Spawning Pool  
  13  0:36  Drone  
  13  0:41  Extractor  
  13  0:46  Drone  
  15  0:53  Overlord  
  15  1:21  Metabolic Boost  
  15  1:22  Zergling x2  
  15  1:23  Zergling x4  
  18  1:27  Queen  
  20  1:35  Overlord  
  20  1:44  Zergling x2  
  21  1:59  Zergling x2  
  22  2:08  Evolution Chamber  
  20  2:21  Zergling x4  
  22  2:33  Hatchery  
  22  2:37  Zergling x6  
  24  3:04  Zergling x6  
  24  3:05  Queen  
  28  3:30  Drone x2  
  28  3:32  Overlord  
  26  3:44  Spore Crawler  
  26  3:45  Drone x4  
  29  3:50  Drone  
  30  4:03  Zergling x2  
  30  4:04  Zergling x2  
  28  4:25  Zergling x12  
  32  4:37  Drone x2  
  33  4:38  Spore Crawler  
  33  4:43  Lair, Spore Crawler  
  31  4:55  Drone x4  
  35  5:06  Overlord x2  
  35  5:26  Spore Crawler  
  35  5:28  Drone x4  
  38  5:46  Roach Warren, Drone x4  
  38  5:47  Drone  
  42  5:59  Drone x5  
  47  6:04  Extractor  
  46  6:16  Drone x5, Overlord  
  51  6:34  Overlord  
  51  6:40  Hatchery  
  50  6:53  Roach  
  50  6:54  Roach x3  
  58  6:56  Drone, Zergling x4  
  52  7:09  Overlord x4  
Show
View Real Time Build Order
Export as new Build Order

세르지오게이섹기 Terran - Winner!

Build Orders: Liberator Opening, MMM Bio 

Get SALT Encoding   

  12  0:00  SCV  
  13  0:13  SCV  
  14  0:18  Supply Depot  
  14  0:25  SCV  
  15  0:39  SCV  
  15  0:40  Barracks  
  16  0:50  Refinery  
  16  0:51  SCV  
  16  0:55  Refinery  
  17  1:03  SCV  
  18  1:15  SCV  
  19  1:28  SCV, Reaper, Supply Depot  
  21  1:40  Orbital Command  
  21  1:50  Factory  
  21  2:17  SCV, Barracks Tech Lab  
  21  2:20  Supply Depot  
  22  2:29  SCV  
  23  2:41  SCV  
  23  2:43  Barracks Reactor, Siege Tank  
  27  2:44  Starport  
  27  2:53  SCV  
  27  2:56  Supply Depot  
  28  3:06  SCV  
  29  3:14  Supply Depot  
  29  3:16  Siege Tank  
  32  3:27  Liberator  
  32  3:41  Barracks Tech Lab  
  32  3:47  SCV  
  36  3:53  Barracks  
  36  3:55  Supply Depot  
  36  3:59  SCV, Marine  
  36  4:01  Stimpack  
  30  4:17  Marine  
  30  4:18  Siege Tank  
  29  4:41  SCV  
  29  4:45  Marine x2  
  32  4:58  Command Center  
  32  5:02  Marine  
  32  5:03  Marine  
  32  5:07  SCV  
  35  5:19  SCV  
  36  5:29  Marine x2  
  36  5:31  SCV  
  36  5:34  Barracks  
  39  5:36  Barracks  
  39  5:46  Medivac x2  
  43  5:51  SCV  
  44  6:00  Engineering Bay  
  44  6:01  Combat Shields  
  44  6:11  Orbital Command  
  44  6:17  Medivac  
  46  6:36  Marine x3  
  49  7:02  Marine x3  
  49  7:03  Marine  
  53  7:20  Marine x4  
Tags
 
Composition
MMM Bio
Matchup
TvZ
Replay Pack
me
Add a new tag
Caveats
  • Supply blocks, unpowered buildings, or Contaminate may cause inaccurate times.
  • Supply counts are checked every 10 seconds.